3AA
BILLINGS POLAR BEARS @ LANCASTER FARMERS
08/20/2022
 
TOP OF THE 1ST
Billings Polar Bears batting - Pitching for Lancaster Farmers : RHP Roberto Cantú
Pitching: RHP Roberto Cantú
Batting: RHB Raúl Delgado 0-0: Called Strike
0-1: Ball
1-1: Swinging Strike
1-2: Strikes out swinging
Batting: LHB Qi-zhen Loong 0-0: Ball
1-0: SINGLE (Groundball, 4MD)
Batting: RHB Gerardo Castillo 0-0: Ball
1-0: DOUBLE (Line Drive, 9LS)
Qi-zhen Loong to third
Runner from 3rd tries for Home, throw and OUT!
Batting: RHB Nick Miller 0-0: Foul Ball, location: 2F
0-1: Foul Ball, location: 2F
0-2: Strikes out swinging
Top of the 1st over - 0 run(s), 2 hit(s), 0 error(s), 1 left on base; Billings 0 - Lancaster 0
BOTTOM OF THE 1ST
Lancaster Farmers batting - Pitching for Billings Polar Bears : RHP Jim Unknown
Pitching: RHP Jim Unknown
Batting: RHB Bronson Nicholls 0-0: Called Strike
0-1: Fly out, F2 (Popup, 2RF)
Batting: RHB Eric Howard 0-0: Fly out, F8 (Flyball, 8RM)
Batting: RHB Fred Meyer 0-0: Foul Ball, location: 2F
0-1: Foul Ball, location: 2F
0-2: Foul Ball, location: 2F
0-2: Ball
1-2: Ball
2-2: SINGLE (Groundball, 6)
Batting: RHB Sean MacKnight 0-0: Ball
1-0: Called Strike
1-1: Fly out, F2 (Popup, 2LF)
Bottom of the 1st over - 0 run(s), 1 hit(s), 0 error(s), 1 left on base; Billings 0 - Lancaster 0
TOP OF THE 2ND
Billings Polar Bears batting - Pitching for Lancaster Farmers : RHP Roberto Cantú
Batting: SHB Juan Brito 0-0: Fly out, F8 (Flyball, 8LM)
Batting: RHB Jeremy Murphy 0-0: Called Strike
0-1: Fly out, F9 (Flyball, 9M)
Batting: LHB Jesús Reyes 0-0: Foul Ball, location: 2F
0-1: Ball
1-1: Ball
2-1: Ball
3-1: Called Strike
3-2: Ground out U3 (Groundball, 3L)
Top of the 2nd over - 0 run(s), 0 hit(s), 0 error(s), 0 left on base; Billings 0 - Lancaster 0
BOTTOM OF THE 2ND
Lancaster Farmers batting - Pitching for Billings Polar Bears : RHP Jim Unknown
Batting: LHB Rob Wilson 0-0: Ball
1-0: Ground out 4-3 (Groundball, 13)
Batting: RHB Chuck Wolf 0-0: Called Strike
0-1: Ball
1-1: Called Strike
1-2: Ball
2-2: Foul Ball, location: 2F
2-2: Foul Ball, location: 2F
2-2: Ground out 6-3 (Groundball, 6M)
Batting: RHB Bennett Bates 0-0: Ball
1-0: Ball
2-0: Called Strike
2-1: Foul Ball, location: 2F
2-2: Foul Ball, location: 2F
2-2: SINGLE (Flyball, 8LM)
Batting: SHB Jim Henderson 0-0: Fly out, F9 (Flyball, 89M)
Bottom of the 2nd over - 0 run(s), 1 hit(s), 0 error(s), 1 left on base; Billings 0 - Lancaster 0
TOP OF THE 3RD
Billings Polar Bears batting - Pitching for Lancaster Farmers : RHP Roberto Cantú
Batting: RHB Félix Aguilar 0-0: Swinging Strike
0-1: Foul Ball, location: 2F
0-2: Strikes out swinging
Batting: RHB Will Robinson 0-0: Called Strike
0-1: Ball
1-1: Bunt for hit - play at first, batter OUT! 2-3
Batting: RHB Raúl Delgado 0-0: Called Strike
0-1: Ball
1-1: Swinging Strike
1-2: Strikes out swinging
Top of the 3rd over - 0 run(s), 0 hit(s), 0 error(s), 0 left on base; Billings 0 - Lancaster 0
BOTTOM OF THE 3RD
Lancaster Farmers batting - Pitching for Billings Polar Bears : RHP Jim Unknown
Batting: RHB Carl Bryant 0-0: Ball
1-0: Ball
2-0: Called Strike
2-1: Ball
3-1: Base on Balls
Batting: RHB Bronson Nicholls 0-0: Ball
1-0: Ball
2-0: Ball
3-0: Base on Balls
Carl Bryant to second
Batting: RHB Eric Howard 0-0: Ball
1-0: Fly out, F8 (Flyball, 8RM)
Batting: RHB Fred Meyer 0-0: Foul Ball, location: 2F
0-1: Ball
1-1: Grounds into double play, 4-6-3 (Groundball, 4)
Bottom of the 3rd over - 0 run(s), 0 hit(s), 0 error(s), 1 left on base; Billings 0 - Lancaster 0
TOP OF THE 4TH
Billings Polar Bears batting - Pitching for Lancaster Farmers : RHP Roberto Cantú
Batting: LHB Qi-zhen Loong 0-0: Called Strike
0-1: Ball
1-1: Ball
2-1: Ball
3-1: Base on Balls
Batting: RHB Gerardo Castillo 0-0: Called Strike
0-1: Ball
1-1: Ball
2-1: Ball
3-1: Swinging Strike
3-2: Grounds into double play, 1-6-3 (Groundball, 13)
Batting: RHB Nick Miller 0-0: Swinging Strike
0-1: Swinging Strike
0-2: Strikes out looking
Top of the 4th over - 0 run(s), 0 hit(s), 0 error(s), 0 left on base; Billings 0 - Lancaster 0
BOTTOM OF THE 4TH
Lancaster Farmers batting - Pitching for Billings Polar Bears : RHP Jim Unknown
Batting: RHB Sean MacKnight 0-0: Ground out 6-3 (Groundball, 6M)
Batting: LHB Rob Wilson 0-0: Called Strike
0-1: Ball
1-1: Ball
2-1: Called Strike
2-2: Ball
3-2: Base on Balls
Batting: RHB Chuck Wolf 0-0: Called Strike
0-1: Ball
1-1: Foul Ball, location: 2F
1-2: Strikes out swinging
Batting: RHB Bennett Bates 0-0: Called Strike
Throwing error on steal attempt, E2
Rob Wilson to third
0-1: Ground out 6-3 (Groundball, 6M)
Bottom of the 4th over - 0 run(s), 0 hit(s), 1 error(s), 1 left on base; Billings 0 - Lancaster 0
TOP OF THE 5TH
Billings Polar Bears batting - Pitching for Lancaster Farmers : RHP Roberto Cantú
Batting: SHB Juan Brito 0-0: Ball
1-0: Swinging Strike
1-1: Ball
2-1: Swinging Strike
2-2: Foul Ball, location: 2F
2-2: Strikes out swinging
Batting: RHB Jeremy Murphy 0-0: Called Strike
0-1: Ball
1-1: Ball
2-1: Foul Ball, location: 2F
2-2: SOLO HOME RUN (Flyball, 78XD), Distance : 424 ft
Batting: LHB Jesús Reyes 0-0: Called Strike
0-1: DOUBLE (Line Drive, 3L)
Batting: RHB Félix Aguilar 0-0: Called Strike
0-1: Ball
1-1: Called Strike
1-2: Foul Ball, location: 2F
1-2: Ball
2-2: Fly out, F9 (Flyball, 9LS)
Batting: RHB Will Robinson 0-0: Ball
1-0: Called Strike
1-1: Swinging Strike
1-2: Ball
2-2: SINGLE (Line Drive, 89M)
Jesús Reyes to third
Runner from 3rd tries for Home, SAFE, no throw or cutoff
Batting: RHB Raúl Delgado 0-0: SINGLE (Line Drive, 56)
Will Robinson to second
Batting: LHB Qi-zhen Loong 0-0: Ball
1-0: Foul Ball, location: 2F
1-1: Ball
2-1: Swinging Strike
2-2: Ball
3-2: Strikes out swinging
Top of the 5th over - 2 run(s), 4 hit(s), 0 error(s), 2 left on base; Billings 2 - Lancaster 0
BOTTOM OF THE 5TH
Lancaster Farmers batting - Pitching for Billings Polar Bears : RHP Jim Unknown
Batting: SHB Jim Henderson 0-0: Called Strike
0-1: Ground out U3 (Groundball, 3)
Batting: RHB Carl Bryant 0-0: Called Strike
0-1: Ball
1-1: Bunted foul
1-2: Foul Ball, location: 2F
1-2: SINGLE (Groundball, 56D)
Batting: RHB Bronson Nicholls 0-0: Ball
1-0: SINGLE (Groundball, 4D)
Carl Bryant to second
Runner from 2nd tries for 3rd, SAFE, no throw or cutoff
Batting: RHB Eric Howard 0-0: Ball
1-0: Foul Ball, location: 2F
1-1: Swinging Strike
1-2: Ball
2-2: Fly out, F8 (Popup, 4D)
Batting: RHB Fred Meyer 0-0: Foul Ball, location: 2F
0-1: Foul Ball, location: 2F
0-2: Reached on error, E3 (Groundball, 3L)
Carl Bryant scores
Bronson Nicholls to second
Batting: RHB Sean MacKnight 0-0: SINGLE (Groundball, 56)
Bronson Nicholls to third
Fred Meyer to second
Runner from 3rd tries for Home, SAFE, no throw or cutoff
Batting: LHB Rob Wilson 0-0: Ball
1-0: Ball
2-0: Foul Ball, location: 2F
2-1: Fly out, F8 (Flyball, 8LM)
Bottom of the 5th over - 2 run(s), 3 hit(s), 1 error(s), 2 left on base; Billings 2 - Lancaster 2
TOP OF THE 6TH
Billings Polar Bears batting - Pitching for Lancaster Farmers : RHP Roberto Cantú
Batting: RHB Gerardo Castillo 0-0: Foul Ball, location: 2F
0-1: Ball
1-1: Fly out, F7 (Flyball, 78S)
Batting: RHB Nick Miller 0-0: Fly out, F3 (Popup, 3F)
Batting: SHB Juan Brito 0-0: Ground out 4-3 (Groundball, 4M)
Top of the 6th over - 0 run(s), 0 hit(s), 0 error(s), 0 left on base; Billings 2 - Lancaster 2
BOTTOM OF THE 6TH
Lancaster Farmers batting - Pitching for Billings Polar Bears : RHP Jim Unknown
Batting: RHB Chuck Wolf 0-0: Foul Ball, location: 2F
0-1: Called Strike
0-2: Strikes out swinging
Batting: RHB Bennett Bates 0-0: Called Strike
0-1: Ball
1-1: Fly out, F9 (Flyball, 89S)
Batting: SHB Jim Henderson 0-0: Ball
1-0: Called Strike
1-1: DOUBLE (Line Drive, 9LS)
Batting: RHB Carl Bryant 0-0: Swinging Strike
0-1: Swinging Strike
0-2: Ball
1-2: Foul Ball, location: 2F
1-2: Foul Ball, location: 2F
1-2: Ball
2-2: Ground out 1-3 (Groundball, 4M)
Bottom of the 6th over - 0 run(s), 1 hit(s), 0 error(s), 1 left on base; Billings 2 - Lancaster 2
TOP OF THE 7TH
Billings Polar Bears batting - Pitching for Lancaster Farmers : RHP Roberto Cantú
Batting: RHB Jeremy Murphy 0-0: SINGLE (Line Drive, 6MD)
Batting: LHB Jesús Reyes 0-0: Fly out, F7 (Flyball, 78M)
Batting: RHB Félix Aguilar 0-0: Called Strike
0-1: Ball
1-1: Swinging Strike
1-2: Foul Ball, location: 2F
1-2: Ball
2-2: SINGLE (Groundball, 5)
Jeremy Murphy to second
Batting: RHB Will Robinson 0-0: Ball
1-0: Foul Ball, location: 2F
1-1: Ball
2-1: Ball
3-1: Called Strike
3-2: Foul Ball, location: 2F
3-2: Base on Balls
Jeremy Murphy to third
Félix Aguilar to second
Batting: RHB Raúl Delgado 0-0: Foul Ball, location: 2F
0-1: Ball
1-1: Ball
2-1: Foul Ball, location: 2F
2-2: Ball
3-2: Foul Ball, location: 2F
3-2: Base on Balls
Jeremy Murphy scores
Félix Aguilar to third
Will Robinson to second
Pitching: LHP Will Clark
Batting: LHB Qi-zhen Loong 0-0: Ball
1-0: Called Strike
1-1: Ball
2-1: Ball
3-1: Fly out, F7 (Flyball, 78M)
Runner from 3rd tags up, SCORES, no throw
Batting: RHB Gerardo Castillo 0-0: Ball
1-0: Ball
2-0: Ball
3-0: Called Strike
3-1: Ground out 1-3 (Groundball, 34S)
Top of the 7th over - 2 run(s), 2 hit(s), 0 error(s), 2 left on base; Billings 4 - Lancaster 2
BOTTOM OF THE 7TH
Lancaster Farmers batting - Pitching for Billings Polar Bears : RHP Jim Unknown
Batting: RHB Bronson Nicholls 0-0: Foul Ball, location: 2F
0-1: Ground out 6-3 (Groundball, 6)
Batting: RHB Eric Howard 0-0: Ball
1-0: Ground out 1-3 (Groundball, 15)
Batting: RHB Fred Meyer 0-0: Called Strike
0-1: Ball
1-1: Ball
2-1: Ground out 6-3 (Groundball, 6)
Bottom of the 7th over - 0 run(s), 0 hit(s), 0 error(s), 0 left on base; Billings 4 - Lancaster 2
TOP OF THE 8TH
Billings Polar Bears batting - Pitching for Lancaster Farmers : LHP Will Clark
Batting: RHB Nick Miller 0-0: Ground out 6-3 (Groundball, 6M)
Batting: SHB Juan Brito 0-0: Fly out, F9 (Flyball, 9D)
Batting: RHB Jeremy Murphy 0-0: Called Strike
0-1: Swinging Strike
0-2: Strikes out swinging
Top of the 8th over - 0 run(s), 0 hit(s), 0 error(s), 0 left on base; Billings 4 - Lancaster 2
BOTTOM OF THE 8TH
Lancaster Farmers batting - Pitching for Billings Polar Bears : RHP Jim Unknown
Batting: RHB Sean MacKnight 0-0: Called Strike
0-1: Fly out, F7 (Flyball, 8LM)
Batting: LHB Rob Wilson 0-0: Ball
1-0: Ball
2-0: Ball
3-0: Called Strike
3-1: Base on Balls
Batting: RHB Chuck Wolf 0-0: Ball
1-0: Ball
2-0: Foul Ball, location: 2F
2-1: Ball
3-1: Foul Ball, location: 2F
3-2: Strikes out looking
Batting: RHB Bennett Bates 0-0: Ball
1-0: Called Strike
1-1: Ball
2-1: SINGLE (Line Drive, 56D)
Rob Wilson to second
Batting: SHB Jim Henderson 0-0: Ball
1-0: Fly out, F8 (Flyball, 89M)
Bottom of the 8th over - 0 run(s), 1 hit(s), 0 error(s), 2 left on base; Billings 4 - Lancaster 2
TOP OF THE 9TH
Billings Polar Bears batting - Pitching for Lancaster Farmers : LHP Will Clark
Batting: LHB Jesús Reyes 0-0: Ball
1-0: Ball
2-0: Ball
3-0: Base on Balls
Batting: RHB Félix Aguilar 0-0: Reached on error, E5 (Groundball, 56)
Jesús Reyes to second
Batting: RHB Will Robinson 0-0: Called Strike
0-1: SINGLE (Groundball, 34S)
Jesús Reyes to third
Félix Aguilar to second
Runner from 3rd tries for Home, SAFE, no throw or cutoff
Batting: RHB Raúl Delgado 0-0: Foul Ball, location: 2F
0-1: Called Strike
0-2: Strikes out looking
Batting: LHB Qi-zhen Loong 0-0: Fly out, F9 (Flyball, 9M)
Batting: RHB Gerardo Castillo 0-0: Ball
1-0: Foul Ball, location: 2F
1-1: Ball
2-1: Ball
3-1: Base on Balls
Félix Aguilar to third
Will Robinson to second
Pinch Hitting: RHB Jesús Vásquez 0-0: Called Strike
0-1: Hit by Pitch
Félix Aguilar scores
Will Robinson to third
Gerardo Castillo to second
Pitching: LHP Orlando Sánchez
Batting: SHB Juan Brito 0-0: Ball
1-0: Ball
2-0: Ball
3-0: Base on Balls
Will Robinson scores
Gerardo Castillo to third
Jesús Vásquez to second
Batting: RHB Jeremy Murphy 0-0: Ball
1-0: Ball
2-0: Called Strike
2-1: Foul Ball, location: 2F
2-2: Ball
3-2: Base on Balls
Gerardo Castillo scores
Jesús Vásquez to third
Juan Brito to second
Batting: LHB Jesús Reyes 0-0: Called Strike
0-1: Swinging Strike
0-2: Foul Ball, location: 2F
0-2: Strikes out swinging
Top of the 9th over - 4 run(s), 1 hit(s), 1 error(s), 3 left on base; Billings 8 - Lancaster 2
BOTTOM OF THE 9TH
Lancaster Farmers batting - Pitching for Billings Polar Bears : RHP Jim Unknown
Now in CF: Jeffrey Avery
Batting: RHB Carl Bryant 0-0: Called Strike
0-1: Foul Ball, location: 2F
0-2: Ball
1-2: Foul Ball, location: 2F
1-2: Strikes out looking
Pitching: RHP Jim Unknown
Batting: RHB Bronson Nicholls 0-0: Ball
1-0: Called Strike
1-1: Bunt for hit - play at first, batter OUT! 1-3
Batting: RHB Eric Howard 0-0: Foul Ball, location: 2F
0-1: Foul Ball, location: 2F
0-2: Ball
1-2: Ball
2-2: DOUBLE (Groundball, 5L)
Batting: RHB Fred Meyer 0-0: Called Strike
0-1: Ball
1-1: Foul Ball, location: 2F
1-2: Strikes out looking
Bottom of the 9th over - 0 run(s), 1 hit(s), 0 error(s), 1 left on base; Billings 8 - Lancaster 2
This league is powered by Out of the Park Baseball, the baseball management simulation game for PC, Mac and Linux
Friday, April 15th, 2016 - OOTP Baseball 16.9 Build 39